 Dungeon Crawl Stone Soup version 0.31-a0-167-g1c394c0614 (webtiles) character file.

Game seed: 9775186025958994286

581 qw the Shooter (level 7, -1/66 HPs)
             Began as a Naga Hunter on June 14, 2023.
             Slain by a lemure (5 damage)
             ... led by Pikel
             ... on level 4 of the Dungeon.
             The game lasted 00:01:08 (3421 turns).

qw the Shooter (Naga Hunter)                        Turns: 3421, Time: 00:01:08

Health: -1/66      AC:  5    Str: 13    XL:     7   Next: 36%
Magic:  7/7        EV:  9    Int: 10    God:
Gold:   144        SH:  0    Dex: 16    Spells: 6/6 levels left

rFire   + . .        Y - +0 shortbow (flame)
rCold   . . .        (shield currently unavailable)
rNeg    . . .        d - +0 leather armour {rF+}
rPois   +            c - +0 helmet
rElec   .            (no cloak)
rCorr   .            k - +0 pair of gloves
SInv    +            (no barding)
Will    .....        (no amulet)
Stlth   ++           (no ring)
HPRegen 0.31/turn    (no ring)
MPRegen 0.10/turn

%: no passive effects
@: about to teleport, short of breath, very slow
A: AC +2, large, see invisible, deformed body, poison resistance, slowness 2,
spit poison 1, naga tail 1
a: Spit Poison


You were on level 4 of the Dungeon.
You visited 1 branch of the dungeon, and saw 5 of its levels.

You collected 144 gold pieces.


Innate Abilities, Weirdness & Mutations

Your serpentine skin is tough. (AC +2)
You have supernaturally acute eyesight. (SInv)
Armour fits poorly on your strangely shaped body.
Your system is resistant to poisons. (rPois)
You cover ground very slowly.
You can spit poison.
You have a snake-like lower body.


   Skills:
 - Level 4.6 Fighting
 + Level 6.9 Ranged Weapons
 - Level 1.5 Dodging
 - Level 1.5 Stealth


You had 6 spell levels left.
You didn't know any spells.
Your spell library was empty.

Inventory:

Hand Weapons
 Y - a +0 shortbow of flaming (weapon)
Armour
 c - a +0 helmet (worn)
 d - a +0 leather armour of fire resistance (worn)
 k - a +0 pair of gloves (worn)
Scrolls
 g - 3 scrolls of identify
Potions
 e - 2 potions of curing

Dungeon Overview and Level Annotations

Branches:
Dungeon (5/15)
 Temple: D:4-7

Altars:
Wu Jian
Yredelemnul

Annotations:
D:4 Pikel


Message History

Enter note:
Enter note:
Enter note:
Enter note:
Enter note:
Enter note:
Enter note:
Enter note:
Enter note:
Enter note:
Enter note: You shoot an arrow.
The arrow hits the lemure but does no damage.
The lemure is heavily wounded.
The lemure closely misses you. x2
Pikel hits you with a +2 whip of freezing.
Pikel freezes you. The lemure hits you but does no damage.
You shoot an arrow. The arrow hits the lemure!
The arrow burns the lemure.
The lemure is almost dead.
You kill the lemure!
That felt strangely unrewarding.
The lemure closely misses you. Pikel closely misses you.
The lemure barely misses you.
You shoot an arrow.
The arrow hits Pikel but does no damage.
You have got your breath back.
The lemure closely misses you.
Pikel hits you with a +2 whip of freezing.
Pikel freezes you. The lemure hits you!
3420 ||| READING scroll of teleportation.
As you read the scroll of teleportation, it crumbles to dust.
You feel strangely unstable. The lemure hits you. Pikel closely misses you.
The lemure closely misses you.
3421 ||| INVOKING Spit Poison.
Aiming: Spit Poison (1% risk of failure)
Press: ? - help, Shift-Dir - straight line, f/p - Pikel The splash of poison misses Pikel.
The lemure hits you but does no damage.
Pikel hits you with a +2 whip of freezing.
Pikel freezes you. The lemure hits you.
You die...

####.#######.## #...........
#..........# #.........##
################..######'#......#
.........................#...#...
#############................###.
......................(..........
....................#####........
#############...K#..# #........
................@5.## #........
#############...5#.# #........
'.# #....#.#######+#.#... #.#
#########....#.........#.#...
#.###.......#....##..........#...
....'.......#....##..........#...
#.###..)....#######..........#...
#.# #.......# #..........#... #.#
#.......# #..........####


You could see Pikel and 2 lemures.

Vanquished Creatures
  An ogre (D:4)
  A lemure (D:4)
  2 phantoms (D:4)
  A scorpion (D:4)
  2 hounds (D:4)
  An orc priest (D:3)
  An iguana (D:4)
  A sleepcap (D:4)
  Robin (D:3)
  A gnoll (D:4)
  2 adders (D:4)
  3 worms
  A dart slug (D:1)
  10 orcs
  5 ball pythons
  7 bats
  5 endoplasms
  3 giant cockroaches (D:1)
  13 goblins
  9 hobgoblins
  3 jackals (D:2)
  10 kobolds
  5 frilled lizards
  5 rats
93 creatures vanquished.

Notes
Turn   | Place    | Note
-------+----------+-------------------------------------------
     0 | D:1      | qw the Naga Hunter began the quest for the Orb.
     0 | D:1      | Reached XP level 1. HP: 19/19 MP: 1/1
     0 | D:1      | 0 ||| qw: Version: 0.2-a-29-g1fa15c8
     0 | D:1      | 0 ||| qw: Game counter: 4988
     0 | D:1      | 0 ||| qw: Always use a shield: true
     0 | D:1      | 0 ||| qw: God list: Okawaru
     0 | D:1      | 0 ||| qw: Allow faded altars: false
     0 | D:1      | 0 ||| qw: Do Orc after D:15 true
     0 | D:1      | 0 ||| qw: Do second Lair branch before Depths: true
     0 | D:1      | 0 ||| qw: Lair rune preference: random
     0 | D:1      | 0 ||| qw: Plans: Normal
     0 | D:1      | 0 ||| PLANNING D:1-11
    23 | D:1      | 23 ||| INVOKING Spit Poison.
    43 | D:1      | 43 ||| INVOKING Spit Poison.
    61 | D:1      | 61 ||| INVOKING Spit Poison.
    77 | D:1      | 77 ||| INVOKING Spit Poison.
    82 | D:1      | 82 ||| INVOKING Spit Poison.
    84 | D:1      | Reached skill level 4 in Ranged Weapons
    84 | D:1      | Reached XP level 2. HP: 20/26 MP: 2/2
   108 | D:1      | 108 ||| INVOKING Spit Poison.
   234 | D:1      | 234 ||| INVOKING Spit Poison.
   281 | D:1      | 281 ||| INVOKING Spit Poison.
   286 | D:1      | 286 ||| INVOKING Spit Poison.
   392 | D:1      | 392 ||| INVOKING Spit Poison.
   496 | D:1      | 496 ||| INVOKING Spit Poison.
   587 | D:1      | 587 ||| INVOKING Spit Poison.
   676 | D:1      | 676 ||| INVOKING Spit Poison.
   680 | D:1      | Reached XP level 3. HP: 32/32 MP: 3/3
   809 | D:1      | 809 ||| INVOKING Spit Poison.
   814 | D:1      | 814 ||| INVOKING Spit Poison.
   826 | D:1      | 826 ||| INVOKING Spit Poison.
   900 | D:1      | 900 ||| UPGRADING to +0 leather armour of fire resistance.
   910 | D:1      | 910 ||| DROPPING +0 leather armour.
   911 | D:1      | 911 ||| READING scroll labelled IDUIKO GIAS.
   912 | D:1      | 912 ||| DROPPING scroll of butterflies.
  1029 | D:2      | 1029 ||| INVOKING Spit Poison.
  1087 | D:2      | 1087 ||| INVOKING Spit Poison.
  1092 | D:2      | 1092 ||| INVOKING Spit Poison.
  1110 | D:2      | 1110 ||| INVOKING Spit Poison.
  1113 | D:2      | 1113 ||| INVOKING Spit Poison.
  1118 | D:2      | 1118 ||| INVOKING Spit Poison.
  1224 | D:2      | 1224 ||| INVOKING Spit Poison.
  1275 | D:2      | 1275 ||| INVOKING Spit Poison.
  1383 | D:2      | 1383 ||| UPGRADING to +0 helmet.
  1388 | D:2      | 1388 ||| READING scroll labelled GIEJOE RYGI.
  1392 | D:2      | 1392 ||| READING scroll labelled VYXUYL DIOROITS.
  1401 | D:3      | 1401 ||| INVOKING Spit Poison.
  1405 | D:3      | Noticed Robin
  1406 | D:3      | 1406 ||| Stepping ~*~*~tactically~*~*~ (outnumbered).
  1411 | D:3      | 1411 ||| INVOKING Spit Poison.
  1417 | D:3      | 1417 ||| INVOKING Spit Poison.
  1424 | D:3      | 1424 ||| INVOKING Spit Poison.
  1427 | D:3      | 1427 ||| INVOKING Spit Poison.
  1430 | D:3      | Reached skill level 5 in Ranged Weapons
  1430 | D:3      | Reached XP level 4. HP: 21/39 MP: 4/4
  1431 | D:3      | 1431 ||| INVOKING Spit Poison.
  1488 | D:3      | 1488 ||| INVOKING Spit Poison.
  1492 | D:3      | 1492 ||| INVOKING Spit Poison.
  1495 | D:3      | 1495 ||| INVOKING Spit Poison.
  1555 | D:3      | 1555 ||| INVOKING Spit Poison.
  1559 | D:3      | 1559 ||| INVOKING Spit Poison.
  1565 | D:3      | 1565 ||| INVOKING Spit Poison.
  1569 | D:3      | 1569 ||| INVOKING Spit Poison.
  1720 | D:3      | 1720 ||| INVOKING Spit Poison.
  1724 | D:3      | 1724 ||| INVOKING Spit Poison.
  1732 | D:3      | 1732 ||| INVOKING Spit Poison.
  1750 | D:3      | 1750 ||| INVOKING Spit Poison.
  1809 | D:3      | Found a basalt altar of Yredelemnul.
  1815 | D:3      | 1815 ||| INVOKING Spit Poison.
  1818 | D:3      | 1818 ||| INVOKING Spit Poison.
  1818 | D:3      | Killed Robin
  1819 | D:3      | Reached XP level 5. HP: 48/48 MP: 5/5
  1821 | D:3      | 1821 ||| INVOKING Spit Poison.
  1824 | D:3      | 1824 ||| INVOKING Spit Poison.
  1828 | D:3      | Reached skill level 3 in Fighting
  1829 | D:3      | 1829 ||| INVOKING Spit Poison.
  1833 | D:3      | 1833 ||| INVOKING Spit Poison.
  2069 | D:3      | 2069 ||| INVOKING Spit Poison.
  2098 | D:3      | 2098 ||| INVOKING Spit Poison.
  2114 | D:3      | 2114 ||| UPGRADING to +0 pair of gloves.
  2119 | D:3      | 2119 ||| READING scroll labelled YSTRUI MOATSEMPAR.
  2120 | D:3      | 2120 ||| READING scroll labelled VONINOT VOYMP.
  2221 | D:3      | 2221 ||| READING scroll labelled BUSTEL YNOAL.
  2222 | D:3      | 2222 ||| READING scroll labelled QIOSUN BORUH.
  2223 | D:3      | 2223 ||| READING scroll labelled VUGU DAEROANUMIUSK.
  2238 | D:4      | 2238 ||| INVOKING Spit Poison.
  2319 | D:4      | 2319 ||| INVOKING Spit Poison.
  2386 | D:4      | 2386 ||| INVOKING Spit Poison.
  2388 | D:4      | Found an ornate altar of the Wu Jian Council.
  2390 | D:4      | 2390 ||| INVOKING Spit Poison.
  2397 | D:4      | 2397 ||| INVOKING Spit Poison.
  2440 | D:4      | 2440 ||| INVOKING Spit Poison.
  2441 | D:4      | 2441 ||| INVOKING Spit Poison.
  2454 | D:4      | Noticed a phantom
  2459 | D:4      | 2459 ||| INVOKING Spit Poison.
  2462 | D:4      | 2462 ||| INVOKING Spit Poison.
  2464 | D:4      | Killed a phantom
  2465 | D:4      | Reached skill level 6 in Ranged Weapons
  2465 | D:4      | Reached XP level 6. HP: 41/56 MP: 6/6
  2468 | D:4      | 2468 ||| INVOKING Spit Poison.
  2532 | D:4      | 2532 ||| INVOKING Spit Poison.
  2535 | D:4      | 2535 ||| INVOKING Spit Poison.
  2585 | D:4      | 2585 ||| INVOKING Spit Poison.
  2595 | D:4      | 2595 ||| INVOKING Spit Poison.
  2601 | D:4      | 2601 ||| INVOKING Spit Poison.
  2602 | D:4      | Reached XP level 7. HP: 53/66 MP: 7/7
  2731 | D:4      | 2731 ||| INVOKING Spit Poison.
  2734 | D:4      | 2734 ||| INVOKING Spit Poison.
  2835 | D:4      | 2835 ||| INVOKING Spit Poison.
  2917 | D:4      | 2917 ||| INVOKING Spit Poison.
  2923 | D:4      | 2923 ||| INVOKING Spit Poison.
  3074 | D:4      | 3074 ||| INVOKING Spit Poison.
  3076 | D:4      | 3076 ||| Stepping ~*~*~tactically~*~*~ (outnumbered).
  3077 | D:4      | 3077 ||| INVOKING Spit Poison.
  3083 | D:4      | 3083 ||| INVOKING Spit Poison.
  3374 | D:4      | 3374 ||| READING scroll labelled OHIKOF DEOVARANI.
  3375 | D:4      | 3375 ||| READING scroll labelled UKUWKO FISEIMP.
  3376 | D:4      | 3376 ||| DRINKING 3 cyan potions.
  3377 | D:4      | 3377 ||| DROPPING 2 potions of brilliance.
  3412 | D:5      | Entered Level 5 of the Dungeon
  3412 | D:5      | Noticed Pikel
  3413 | D:5      | 3413 ||| INVOKING Spit Poison.
  3415 | D:5      | 3415 ||| STAIRDANCE
  3419 | D:4      | HP: 12/66 [lemure[Pikel] (8)]
  3420 | D:4      | 3420 ||| READING scroll of teleportation.
  3421 | D:4      | 3421 ||| INVOKING Spit Poison.
  3421 | D:4      | HP: 4/66 [Pikel/+2 whip of freezing (2)]
  3421 | D:4      | Slain by a lemure

Levels and vault maps discovered:
D:1:      amcnicky_arrival_double_pillar, layout_basic
D:2:      layout_rooms, minmay_misc_feat_ornament
D:3:      layout_basic, mainiacjoe_overflow_small_starburst, uniq_robin
D:4:      layout_basic, nicolae_wu_jian_immortal_techniques, minmay_between
D:5:      cheibrodos_two_vegetables, layout_basic,
          mainiacjoe_overflow_catwalk_spiral, general_overflow_altar,
          minmay_misc_feat_rows, nicolae_specific_store,
          uniq_crazy_yiuf_cottage, uniq_pikel

Skill      XL: |  1  2  3  4  5  6 |
---------------+-------------------+-----
Ranged Weapons | 4 5 6 |  6.9
Fighting       | 3 4 |  4.6
Dodging        | |  1.5
Stealth        | |  1.5

Action                     |  1- 3 |  4- 6 |  7- 9 || total
---------------------------+-------+-------+-------++-------
   Fire: Shortbow          |    54 |    80 |    43 ||   177
Ability: Spit Poison       |    29 |    34 |    10 ||    73
    Use: Scroll            |     3 |     5 |     3 ||    11
         Potion            |       |       |     1 ||     1
 Armour: Leather armour    |    12 |    11 |     7 ||    30
  Dodge: Dodged            |    15 |    17 |    27 ||    59

Table legend:
 A = Non-vault XP
 B = Vault XP
 C = Vault XP percentage of total XP
 D = Non-vault monster count
 E = Vault monster count
 F = Vault count percentage of total count
                 A         B        C        D         E       F
            +---------+---------+-------+---------+---------+-------
      Total |     736 |      94 |  11.3 |      75 |      17 |  18.5
            +---------+---------+-------+---------+---------+-------
        D:1 |      38 |       0 |   0.0 |      22 |       0 |   0.0
        D:2 |      23 |       0 |   0.0 |      11 |       0 |   0.0
        D:3 |      86 |      37 |  30.1 |      24 |      13 |  35.1
        D:4 |     589 |      57 |   8.8 |      18 |       4 |  18.2
            +---------+---------+-------+---------+---------+-------
